 Dungeon Crawl Stone Soup version 0.31-a0-331-geda263fcf1 (webtiles) character file.

Game seed: 3180852844503507210

76817 LustLizard the Grappler (level 15, -1/94 HPs)
             Began as an Octopode Shapeshifter on July 20, 2023.
             Was a Priest of Hepliaklqana.
             Engulfed by a cloud of freezing vapour (18 damage)
             ... in an ice cave.
             The game lasted 00:41:04 (18667 turns).

LustLizard the Grappler (Octopode Shapeshifter)    Turns: 18667, Time: 00:41:04

Health: -1/94      AC:  1    Str: 25    XL:     15   Next: 54%
Magic:  18/18      EV: 16    Int: 14    God:    Hepliaklqana [***...]
Gold:   733        SH:  0    Dex: 12    Spells: 7/18 levels left

rFire   . .          .
                       - Unarmed
rCold   . . .        (shield currently unavailable)
rNeg    . . .        (helmet restricted)
rPois   .            r - amulet of the acrobat
rElec   .            a - ring of willpower
rCorr   +            u - ring of resist corrosion
SInv    .            F - +6 ring of strength
Will    ++...        (no ring)
Stlth   +++          (no ring)
HPRegen 0.35/turn    (no ring)
MPRegen 0.16/turn    (no ring)
                     (no ring)

%: acrobat
@: blade tentacles
A: reduced essence, almost no armour, amphibious, 8 rings, camouflage 1,
gelatinous body 1, (nimble swimmer 1), tentacles
a: Begin Untransformation, Renounce Religion, Recall Ancestor, Ancestor
Identity, Transference


You were in an ice cave.
You worshipped Hepliaklqana.
Hepliaklqana was most pleased with you.
You had blades for main tentacles.
You visited 3 branches of the dungeon, and saw 16 of its levels.
You also visited: Ice Cave.

You collected 733 gold pieces.

Inventory:

Missiles
 t - 19 poisoned darts (quivered)
 D - 3 throwing nets
Armour
 x - a +0 buckler
Jewellery
 a - a ring of willpower (left blade tentacle)
 g - an amulet of faith
 r - an amulet of the acrobat (around mantle)
 u - a ring of resist corrosion (right blade tentacle)
 v - an amulet of magic regeneration
 F - a +6 ring of strength (on tentacle)
Talismans
 b - a beast talisman
 h - a blade talisman
Wands
 c - a wand of polymorph (17)
 z - a wand of flame (18)
 B - a wand of roots (12)
 G - a wand of charming (2)
Scrolls
 d - 2 scrolls of vulnerability
 e - 4 scrolls of noise {unknown}
 i - a scroll of teleportation
 l - a scroll of poison {unknown}
 o - a scroll of torment {unknown}
 p - 2 scrolls of revelation {unknown}
 q - a scroll of enchant armour {unknown}
 s - 2 scrolls of amnesia {unknown}
 y - 2 scrolls of brand weapon {unknown}
 A - 2 scrolls of silence
 E - 3 scrolls of immolation {unknown}
 I - a scroll of fog {unknown}
 J - a scroll of enchant weapon {unknown}
Potions
 f - 2 potions of heal wounds
 j - 2 potions of berserk rage
 k - a potion of might
 m - 4 potions of haste
 n - 3 potions of cancellation
 w - a potion of invisibility
 C - a potion of enlightenment
 H - 2 potions of mutation
Miscellaneous
 K - a condenser vane


   Skills:
 + Level 10.9 Fighting
 + Level 8.2 Dodging
 - Level 4.0 Stealth
 - Level 3.0 Shields
 * Level 14.9 Unarmed Combat
 - Level 2.2 Spellcasting
 + Level 4.7 Summonings
 + Level 4.8 Invocations
 - Level 8.0 Evocations
 + Level 9.1 Shapeshifting


You had 7 spell levels left.
You knew the following spells:

 Your Spells              Type           Power      Damage    Failure   Level
a - Summon Mana Viper     Hex/Summ       8%         N/A       99%         5
b - Summon Cactus Giant   Summ           7%         N/A       100%        6

Your spell library contained the following spells:

 Spells                   Type           Power      Damage    Failure   Level
 Scorch                   Fire           2%         2d5       77%         2
 Ozocubu's Armour         Ice            1%         N/A       90%         3
 Summon Ice Beast         Ice/Summ       8%         N/A       94%         4
 Cause Fear               Hex            0%         N/A       99%         4
 Flame Wave               Conj/Fire      1%         2d4       99%         4
 Leda's Liquefaction      Hex/Erth       0%         N/A       99%         4
 Fireball                 Conj/Fire      0%         3d3       100%        5
 Iskenderun's Battlesphe  Conj           1%         2d6       100%        5
 Lee's Rapid Deconstruct  Erth           0%         3d4*      100%        5
 Metabolic Englaciation   Hex/Ice        0%         N/A       100%        5
 Leda's Unmaking          Conj/Erth      0%         9d1       100%        6
 Simulacrum               Ice/Necr       0%         N/A       100%        6
 Monstrous Menagerie      Summ           7%         N/A       100%        7
 Spellforged Servitor     Conj/Summ      4%         N/A       100%        7
 Dragon's Call            Summ           7%         N/A       100%        9


Dungeon Overview and Level Annotations

Branches:
Dungeon (12/15)            Temple (1/1) D:6            Lair (3/5) D:8
  Swamp (0/4) Lair:2        Snake (0/4) Lair:3        IceCv (1/1)
    Orc: D:9-12

Altars:
Ashenzari
Cheibriados
Dithmenos
Elyvilon
Fedhas
Gozag
Hepliaklqana
Kikubaaqudgha
Makhleb
Nemelex Xobeh
Okawaru
Qazlal
Ru
Sif Muna
Trog
Uskayaw
Vehumet
Wu Jian
Xom
Yredelemnul
Zin
The Shining One

Annotations:
D:4 2 transporters, hotbaconsauce's ghost, novice HOMo
D:11 1 runed translucent door, LustLizard's ghost, journeyman OpSh IceCv exclusion: ice statue


Innate Abilities, Weirdness & Mutations

You have blades for main tentacles.
Your spellcasting is less reliable in this form.
You are incapable of wielding weapons or throwing items.
Your life essence is reduced to manifest your ancestor. (-10% HP)
You cannot wear most types of armour.
You are amphibious.
You can wear up to eight rings at the same time.
Your skin changes colour to match your surroundings (Stealth+).
Your rubbery body absorbs attacks. (AC +1, EV +1)
((You are camouflaged when in or above water. (Stealth+)))
You have tentacles for arms and can constrict up to eight enemies at once.


Message History

The ice statue gestures at you. The freezing blast misses you.
Centenhua is engulfed in freezing vapours.
Centenhua points at the ice statue and mumbles some strange words.
The stone arrow hits the ice beast!
The ice beast hits Centenhua.
The ice beast freezes Centenhua.
Centenhua resists.
Okay, then.
You are engulfed in freezing vapours.
* * * LOW HITPOINT WARNING * * *
The ice statue gestures.
Centenhua is engulfed in freezing vapours.
Centenhua hits the ice beast with a +0 quarterstaff!!
The ice beast dies!
The ice beast disappears in a puff of smoke!
You feel much better.
You are engulfed in freezing vapours.
* * * LOW HITPOINT WARNING * * *
Centenhua is engulfed in freezing vapours.
Centenhua casts a spell at the ice statue.
You hear a sizzling sound!
You slice the ice statue!!
You squeeze the ice statue, but do no damage.
The ice statue is severely damaged.
You are engulfed in freezing vapours.
* * * LOW HITPOINT WARNING * * *
Unknown command.
You feel much better.
You are engulfed in freezing vapours.
* * * LOW HITPOINT WARNING * * *
Centenhua is engulfed in freezing vapours.
Centenhua points at the ice statue and mumbles some strange words.
The stone arrow hits the ice statue!
You slice the ice statue!!
You destroy the ice statue!
The ice beast disappears in a puff of smoke!
You are engulfed in freezing vapours.
* * * LOW HITPOINT WARNING * * *
Centenhua is engulfed in freezing vapours.
Unknown command.
You feel much better.
You are engulfed in freezing vapours.
You die...

###### 8.....######
...........##
.#####.......
########.## ###.....
###○°°@○....# ###...
##..°.°R§....## ###....
#.....°###.....###....##
#..°..######............
#........[(###....####..
##.....##)[..########...
##.....##.....##......#
####...####.......####
##....####...###...


You could see the friendly Centenhua the battlemage.

Vanquished Creatures
  Josephine (D:10)
  Erolcha (D:9)
  A boulder beetle (D:11)
  Erica (D:11)
  A bog body (Lair:2)
  Pikel (D:4)
  A cyclops (D:11)
  5 elephants (Lair:2)
  Maurice (D:9)
  A black mamba (Lair:2)
  A rust devil (D:11)
  3 cane toads
  An ice statue (IceCv)
  A smoke demon (D:11)
  13 rime drakes
  Maggie (D:7)
  5 komodo dragons
  A red devil (D:11)
  A troll (D:10)
  A merfolk (D:10)
  A polar bear (Lair:2)
  10 blink frogs
  2 hornets
  3 slime creatures (IceCv)
  2 wraiths (D:10)
  Sigmund (D:3)
  3 wyverns
  6 yaks
  A basilisk (Lair:2)
  A wyvern (shapeshifter) (D:10)
  10 steam dragons
  An acid dragon (D:11)
  3 nagas (Lair:3)
  8 water moccasins
  2 great orb of eyes simulacra (IceCv)
  2 ogres
  3 orc warriors
  A black bear (D:4)
  2 centaurs
  2 slime creature simulacra (IceCv)
  2 kobold brigands (D:7)
  7 bullfrogs
  Blork the orc (D:6)
  A gnoll sergeant (D:9)
  A glowing shapeshifter simulacrum (IceCv)
  3 wights (D:7)
  13 killer bees
  2 howler monkeys
  A lava snake (Lair:2)
  A hound (D:7)
  2 jellies
  Crazy Yiuf (D:3)
  7 orc priests
  Jessica (D:3)
  5 iguanas
  Terence (D:2)
  7 orc wizards
  A shapeshifter simulacrum (IceCv)
  6 gnolls
  12 adders
  2 shadow imps (D:5)
  3 white imps
  3 ufetubi
  A worm (D:4)
  2 dart slugs
  26 orcs
  4 endoplasms
  3 giant cockroaches
  5 goblins
  12 hobgoblins
  4 quokkas
  8 ball pythons
  5 bats
  2 frilled lizards
  18 kobolds
  5 rats
284 creatures vanquished.

Vanquished Creatures (collateral kills)
  A two-headed ogre (D:11)
  Sonja (D:11)
  2 elephants (Lair:2)
  2 cane toads
  4 rime drakes (Lair:2)
  A red devil (D:11)
  A hornet (D:8)
  5 blink frogs
  3 wraiths (D:10)
  13 yaks
  A basilisk (Lair:2)
  2 wyverns
  2 steam dragons (Lair:2)
  A great orb of eyes simulacrum (IceCv)
  7 killer bees
  A gnoll (D:9)
  A butterfly (Lair:2)
48 creatures vanquished.

Vanquished Creatures (others)
  11 battlemagi
11 creatures vanquished.

Grand Total: 343 creatures vanquished

Notes
Turn   | Place    | Note
-------+----------+-------------------------------------------
     0 | D:1      | LustLizard the Octopode Shapeshifter began the quest for
                  | the Orb.
     0 | D:1      | Reached XP level 1. HP: 14/14 MP: 1/1
   215 | D:1      | Reached XP level 2. HP: 19/19 MP: 2/2
   318 | D:1      | Reached skill level 1 in Stealth
   679 | D:1      | Reached XP level 3. HP: 22/24 MP: 3/3
   737 | D:1      | You fall into a shaft and drop 1 floor!
  1147 | D:2      | Reached skill level 3 in Unarmed Combat
  1420 | D:2      | Reached XP level 4. HP: 30/30 MP: 4/4
  1610 | D:2      | Noticed Terence
  1615 | D:2      | Killed Terence
  1779 | D:3      | Noticed Jessica
  1779 | D:3      | Noticed Sigmund
  1931 | D:3      | Found a runed translucent door.
  1932 | D:3      | Noticed Crazy Yiuf
  2124 | D:3      | Reached XP level 5. HP: 31/36 MP: 5/5
  2423 | D:4      | Noticed a lemure
  2488 | D:4      | Noticed Pikel
  2490 | D:4      | Noticed a lemure
  2491 | D:4      | Noticed a lemure
  2512 | D:4      | Killed Pikel
  2513 | D:4      | Reached skill level 5 in Unarmed Combat
  2513 | D:4      | Reached XP level 6. HP: 43/43 MP: 6/6
  2513 | D:4      | Reached XP level 7. HP: 47/47 MP: 7/7
  2783 | D:4      | Found a transporter.
  2784 | D:4      | Noticed hotbaconsauce's ghost (novice HOMo)
  2911 | D:4      | Found a transporter.
  3129 | D:4      | Reached skill level 6 in Unarmed Combat
  3271 | D:5      | Entered Level 5 of the Dungeon
  3282 | D:5      | Reached XP level 8. HP: 54/54 MP: 8/8
  4108 | D:3      | Killed Crazy Yiuf
  4294 | D:3      | Killed Jessica
  4664 | D:3      | Killed Sigmund
  4665 | D:3      | Reached skill level 5 in Fighting
  4665 | D:3      | Reached skill level 7 in Unarmed Combat
  5145 | D:5      | Reached skill level 5 in Shapeshifting
  5299 | D:6      | Noticed Blork the orc
  5303 | D:6      | Killed Blork the orc
  5462 | D:6      | Found a stormy altar of Qazlal.
  5684 | D:6      | Reached XP level 9. HP: 60/62 MP: 9/9
  5756 | D:6      | Reached skill level 8 in Unarmed Combat
  5772 | D:6      | Found a staircase to the Ecumenical Temple.
  5802 | Temple   | Entered the Ecumenical Temple
  6153 | D:6      | Found the +7 staff of the Meek {protect, meekguard}
  6997 | D:7      | Noticed Maggie
  7362 | D:7      | Reached skill level 1 in Evocations
  7382 | D:7      | Reached skill level 1 in Shields
  7469 | D:7      | Reached skill level 9 in Unarmed Combat
  7488 | D:7      | Killed Maggie
  7742 | D:7      | Found a hazy altar of Hepliaklqana.
  7809 | D:7      | Became a worshipper of Hepliaklqana the Forgotten
  8179 | D:8      | Reached XP level 10. HP: 48/69 MP: 10/10
  8720 | D:8      | Found a staircase to the Lair.
  9280 | D:9      | Reached * piety under Hepliaklqana
  9422 | D:9      | Noticed Maurice
  9518 | D:9      | Noticed Erolcha
  9588 | D:9      | Found a broken altar of Ashenzari.
  9589 | D:9      | Found an opulent altar of Gozag.
  9589 | D:9      | Found a basalt altar of Yredelemnul.
  9589 | D:9      | Found a sparkling altar of Nemelex Xobeh.
  9590 | D:9      | Found a bloodstained altar of Trog.
  9590 | D:9      | Found a shimmering blue altar of Sif Muna.
  9590 | D:9      | Found a burning altar of Makhleb.
  9590 | D:9      | Found a glowing silver altar of Zin.
  9591 | D:9      | Found an iron altar of Okawaru.
  9592 | D:9      | Found an ornate altar of the Wu Jian Council.
  9592 | D:9      | Found a shadowy altar of Dithmenos.
  9875 | D:9      | Reached ** piety under Hepliaklqana
  9876 | D:9      | Remembered your ancestor Centenhua as a battlemage
 10237 | D:10     | Entered Level 10 of the Dungeon
 10695 | D:10     | Noticed Josephine
 10881 | D:10     | Killed Josephine
 10882 | D:10     | Reached skill level 10 in Unarmed Combat
 11322 | D:10     | Reached XP level 11. HP: 43/67 MP: 11/11
 11758 | D:10     | Reached skill level 5 in Dodging
 12029 | D:11     | Noticed a boulder beetle
 12036 | D:10     | Reached skill level 11 in Unarmed Combat
 12160 | D:11     | Noticed Erica
 12164 | D:11     | Killed Erica
 12165 | D:11     | Reached skill level 5 in Evocations
 12323 | D:11     | Noticed LustLizard's ghost (journeyman OpSh)
 12327 | D:11     | Found a runed translucent door.
 12337 | D:11     | Noticed Sonja
 12362 | D:11     | Killed Sonja
 12463 | D:11     | Noticed a cyclops
 12488 | D:11     | Learned a level 5 spell: Summon Mana Viper
 12543 | D:11     | Noticed a two-headed ogre
 12548 | D:11     | Killed a two-headed ogre
 12549 | D:11     | Reached skill level 1 in Summonings
 12626 | D:11     | Killed a boulder beetle
 13126 | D:11     | Killed a cyclops
 13236 | D:11     | Reached XP level 12. HP: 75/75 MP: 12/12
 14022 | D:9      | Killed Maurice
 14023 | D:9      | Reached skill level 12 in Unarmed Combat
 14119 | D:9      | Killed Erolcha
 14354 | Lair:1   | Entered Level 1 of the Lair of Beasts
 15046 | Lair:1   | Reached *** piety under Hepliaklqana
 16066 | Lair:2   | Found a staircase to the Swamp.
 16137 | Lair:2   | Reached skill level 13 in Unarmed Combat
 16333 | Lair:2   | Reached XP level 13. HP: 49/81 MP: 13/13
 17387 | Lair:2   | Reached skill level 10 in Fighting
 17387 | Lair:2   | Reached skill level 1 in Invocations
 17854 | Lair:2   | Reached skill level 14 in Unarmed Combat
 17854 | Lair:2   | Reached XP level 14. HP: 89/89 MP: 14/16
 17855 | Lair:2   | Reached XP level 15. HP: 94/94 MP: 14/18
 17920 | Lair:2   | Learned a level 6 spell: Summon Cactus Giant
 18146 | Lair:3   | Found a staircase to the Snake Pit.
 18186 | Lair:3   | Found a frozen archway.
 18225 | IceCv    | Entered an ice cave
 18666 | IceCv    | HP: 2/94 [something (15)]
 18667 | IceCv    | Engulfed by a cloud of freezing vapour

Illustrated notes

Levels and vault maps discovered:
D:1:      eino_arrival_water_star, layout_loops_cross, st_stairs_1,
          bh_walls_and_bars
D:2:      layout_loops_cross, uniq_terence
D:3:      minmay_wonky_spiral, layout_loops_corners, uniq_crazy_yiuf_cottage,
          uniq_jessica, uniq_sigmund, uniq_grinder
D:4:      layout_loops_ring, gammafunk_ghost_gnarly_gnolls, minmay_between,
          uniq_pikel
D:5:      minmay_general_purpose_star, layout_basic
D:6:      layout_loops_ring, mainiacjoe_overflow_surrounded_room,
          temple_doors_e, pf_guarded_unrand_meek, uniq_blork_the_orc
D:7:      layout_basic, worldfamousw_hep_ancestral_shrine, item_on_display_a,
          uniq_maggie
D:8:      layout_basic, lair_entry_dummy
D:9:      layout_irregular_city, nicolae_overflows_in_rows,
          amcnicky_mini_pool_small, eino_small_chamber_without_monster,
          uniq_erolcha, uniq_maurice
D:10:     layout_roguey, hangedman_fish_farm, uniq_josephine
D:11:     layout_long_grid, hellmonk_ghost_happy_afterlife,
          nicolae_where_there's_smoke, uniq_erica, uniq_sonja
D:12:     layout_roguey, david_orc_3, nicolae_wu_jian_wuxing_cycle
Temple:   compressed_dpeg_triangle_lava_temple
Lair:1:   layout_chaotic_city
Lair:2:   layout_gridlike, skrybe_swamp_entry_bodies, bobbens_dragon_lair_wall,
          lemuel_fruit_fields
Lair:3:   layout_misc_corridors, nicolae_snake_entry_squirm,
          portal_ice_cave_rime
IceCv:    ice_cave_hellmonk_azure_passage

Skill      XL: |  1  2  3  4  5  6  7  8  9 10 11 12 13 14 |
---------------+-------------------------------------------+-----
Stealth        | 1 2 4 |  4.0
Unarmed Combat | 3 5 6 7 9 10 11 13 14 | 14.9
Fighting       | 3 4 5 6 7 8 9 10 | 10.9
Shapeshifting  | 4 5 6 7 8 9 |  9.1
Evocations     | 2 4 6 7 8 |  8.0
Shields        | 2 3 |  3.0
Dodging        | 3 4 6 7 8 |  8.2
Summonings     | 2 3 4 |  4.7
Invocations    | 3 4 |  4.8
Spellcasting   | 2 |  2.2

Action                     |  1- 3 |  4- 6 |  7- 9 | 10-12 | 13-15 || total
---------------------------+-------+-------+-------+-------+-------++-------
  Melee: Unarmed           |    54 |    54 |   214 |   231 |   104 ||   657
         Constrict         |    16 |     7 |    52 |    30 |     7 ||   112
         Tentacles         |     5 |     5 |    55 |    53 |    24 ||   142
         Punch             |       |     3 |     8 |    18 |     9 ||    38
  Throw: Dart              |       |       |    13 |    79 |     5 ||    97
 Invoke: Recall Ancestor   |       |       |       |     6 |     1 ||     7
         Ancestor Life: Ba |       |       |       |     1 |       ||     1
  Evoke: Wand              |       |       |       |     1 |       ||     1
    Use: Scroll            |       |     3 |     8 |     4 |     3 ||    18
         Potion            |       |     1 |     1 |     3 |     7 ||    12
   Stab: Sleeping          |     2 |     4 |    14 |    10 |     1 ||    31
         Distracted        |       |     1 |     2 |     4 |     2 ||     9
 Armour: Skin              |     1 |    14 |     3 |     8 |     3 ||    29
  Dodge: Dodged            |    15 |    20 |   115 |   130 |    75 ||   355
   Form: Blade             |       |       |       |       |     1 ||     1

Table legend: (Time is in decaauts)
 A = Elapsed time spent in this place.
 B = Non-inter-level travel time spent in this place.
 C = Inter-level travel time spent in this place.
 D = Time resting spent in this place.
 E = Time spent auto-exploring this place.
 F = Levels seen in this place.
 G = Mean time per level.
                   A        B        C        D        E       F      G
               +--------+--------+--------+--------+--------+-----+--------+
         Total |  18582 |  17080 |   1502 |   3602 |  10266 |  17 | 1093.1 |
       Dungeon |  14325 |  12908 |   1417 |   2705 |   7862 |  12 | 1193.8 |
        Temple |      1 |      1 |      0 |      0 |      0 |   1 |    1.0 |
          Lair |   3818 |   3734 |     84 |    649 |   2352 |   3 | 1272.7 |
      Ice Cave |    436 |    436 |      0 |    248 |     52 |   1 |  436.0 |
               +--------+--------+--------+--------+--------+-----+--------+

Top non-repeatable levels by time:
  Lair:2: 2231 daAuts
    D:10: 1976 daAuts
    D:11: 1456 daAuts
     D:9: 1432 daAuts
     D:7: 1429 daAuts
     D:8: 1412 daAuts
     D:6: 1397 daAuts
     D:3: 1335 daAuts
  Lair:1: 1288 daAuts
     D:5: 1139 daAuts
     D:4: 987 daAuts
     D:1: 940 daAuts
     D:2: 814 daAuts
   IceCv: 436 daAuts
  Lair:3: 299 daAuts
